Saguenéens vs Gangsters
Created - 5 février 2013 at 19:06
Goals
|
| Saguenéens |
0 |
1 |
1 |
2 |
| Gangsters |
1 |
1 |
2 |
4 |
|
Shots
|
| Saguenéens |
10 |
18 |
4 |
32 |
| Gangsters |
12 |
20 |
6 |
38 |
|
1st period
1. Gangsters , Byron Ritchie 11 (Cory Murphy, Igor Radulov) at 8:15
Penalties :
No Penalty
2nd period
2. Gangsters , Chris Bourque 6 (Alexandre Bolduc, Mike Commodore) at 5:58
3. Saguenéens , Brad Chartrand 5 (Mike Van Ryn, Kyle Brodziak) at 18:25
Penalties :
Igor Radulov (Bro) for Interference (Minor) at 0:23, Paul Ranger (Chi) for High sticking (Minor) at 19:24
3rd period
4. Gangsters , Tim Jackman 13 (Byron Ritchie, Chris Bourque) at 17:14
5. Gangsters , Cory Murphy 4 (Staffan Kronwall, Patric Hornqvist) at 17:46 (PP)
6. Saguenéens , Kyle Brodziak 15 (Paul Ranger) at 19:17 (PP)
Penalties :
Byron Ritchie (Bro) for Interference (Minor) at 5:14, Jim Vandermeer (Bro) for Roughing (Minor) at 14:58, Johannes Salmonsson (Chi) for Hooking (Minor) at 17:32, Staffan Kronwall (Bro) for Hooking (Minor) at 18:52
Goalie Stats
James Reimer (Chi), 34 saves from 38 shots - (0,895), L, 4-8-0, 60:00 minutes
David LeNeveu (Bro), 30 saves from 32 shots - (0,938), W, 3-6-0, 60:00 minutes
Players Stats for Saguenéens
Player Name G A P +/- PIM S H SB GA TA FO MP PP MP PK MP
------------------------------------------------------------------------------------
Brad Chartrand 1 0 1 0 0 5 1 0 1 0 1/2 12:14 0:37 0:00
Brendan Witt 0 0 0 0 0 1 3 1 0 0 0/0 20:54 0:31 1:12
Darren Helm 0 0 0 -1 0 1 3 0 0 0 8/19 18:01 3:15 0:00
David McIntyre 0 0 0 0 0 0 0 0 0 0 0/3 11:31 0:00 0:00
Dean McAmmond 0 0 0 -2 0 0 1 0 0 0 3/8 14:35 0:00 1:03
Derek Joslin 0 0 0 -1 0 0 1 2 0 2 0/0 18:32 0:00 0:58
Dwight King 0 0 0 -1 0 0 1 1 0 0 0/0 16:07 2:39 0:00
Henrik Tallinder 0 0 0 -1 0 3 2 0 0 0 0/0 19:45 3:18 1:01
Ian Cole 0 0 0 -1 0 0 1 0 0 0 0/0 16:24 3:18 0:00
Johannes Salmonsson 0 0 0 0 2 1 1 1 0 2 0/0 11:43 0:07 0:00
Kyle Brodziak 1 1 2 1 0 10 3 0 1 1 4/10 15:39 2:57 1:10
Michal Grosek 0 0 0 0 0 3 2 3 1 0 1/1 13:02 0:21 1:03
Mike Van Ryn 0 1 1 -1 0 1 0 1 0 0 0/0 20:22 2:33 1:01
Nikolai Kulemin 0 0 0 -1 0 3 1 0 0 0 0/1 18:01 3:15 0:00
Pat Dwyer 0 0 0 0 0 0 2 0 0 0 0/0 11:34 0:03 0:00
Paul Ranger 0 1 1 0 2 1 0 1 2 0 0/0 24:05 3:04 0:14
Wade Belak 0 0 0 -1 0 3 3 1 1 1 0/1 19:11 3:15 1:10
Wayne Simmonds 0 0 0 -1 0 0 3 1 1 0 0/0 16:05 2:37 0:00
Players Stats for Gangsters
Player Name G A P +/- PIM S H SB GA TA FO MP PP MP PK MP
------------------------------------------------------------------------------------
Alexandre Bolduc 0 1 1 0 0 3 0 0 0 0 2/6 13:13 0:00 0:58
Alexei Emelin 0 0 0 2 0 1 2 2 0 2 0/0 19:02 0:31 2:38
Artem Anisimov 0 0 0 0 0 2 1 0 0 0 2/2 11:49 0:00 0:00
Byron Ritchie 1 1 2 2 2 3 4 0 0 2 3/6 15:04 1:02 1:05
Chris Bourque 1 1 2 0 0 3 2 0 2 0 0/0 13:31 0:00 1:16
Cory Murphy 1 1 2 1 0 6 2 0 0 0 0/0 25:10 1:42 3:44
Igor Radulov 0 1 1 2 2 1 2 0 0 0 0/0 13:40 1:02 0:00
Jaroslav Balastik 0 0 0 0 0 2 3 0 0 2 1/1 17:23 1:11 1:36
Jim Vandermeer 0 0 0 -1 2 0 2 3 0 0 0/0 16:19 0:00 0:25
Matt Read 0 0 0 0 0 1 2 0 1 0 0/0 12:45 0:00 0:56
Mike Commodore 0 1 1 2 0 1 0 1 0 0 0/0 19:02 0:31 2:38
Nick Foligno 0 0 0 0 0 0 2 0 0 0 0/0 11:49 0:00 0:00
Patric Hornqvist 0 1 1 0 0 3 2 0 1 0 4/7 19:21 1:11 3:28
Ryan Keller 0 0 0 0 0 0 0 0 1 0 1/1 12:08 0:00 0:00
Staffan Kronwall 0 1 1 1 2 4 3 1 1 0 0/0 24:44 1:42 3:19
Tim Jackman 1 0 1 2 0 4 2 0 0 0 0/0 13:28 1:02 0:00
Valtteri Filppula 0 0 0 0 0 4 1 0 0 0 15/22 19:18 1:11 3:25
Ville Koistinen 0 0 0 -1 0 0 2 1 0 1 0/0 15:48 0:00 0:00
3 Stars
1 - Kyle Brodziak (Chi)
2 - Byron Ritchie (Bro)
3 - Cory Murphy (Bro)
Power Play
Saguenéens - 1 on 4 Attempt(s) - 25,00%
Gangsters - 1 on 2 Attempt(s) - 50,00%
Penalty Kill
Saguenéens - 1 on 2 Attempt(s) - 50,00%
- Score 0 goal in Penalty Kill
Gangsters - 3 on 4 Attempt(s) - 75,00%
- Score 0 goal in Penalty Kill
Official
Referees : Kozari Steve and Hasenfratz Mike
Linesman : Don Henderson and Dan Schachte
Game Notes
No Game Note
Saguenéens
5 vs 5 Forward
Center Left Wing Right Wing Time % Phy DF OF
1 Darren Helm Nikolai Kulemin Wade Belak 40 0 2 3
2 Dean McAmmond Dwight King Wayne Simmonds 30 1 2 2
3 Kyle Brodziak Johannes Salmonsson Brad Chartrand 20 1 2 2
4 David McIntyre Michal Grosek Pat Dwyer 10 1 2 2
5 vs 5 Defense
Defense Defense Time % Phy DF OF
1 Paul Ranger Brendan Witt 37 1 2 2
2 Mike Van Ryn Derek Joslin 33 1 2 2
3 Henrik Tallinder Ian Cole 25 1 2 2
4 Henrik Tallinder Paul Ranger 5 0 2 3
PowerPlay Forward
Center Left Wing Right Wing Time % Phy DF OF
1 Darren Helm Nikolai Kulemin Wade Belak 50 1 1 3
2 Kyle Brodziak Dwight King Wayne Simmonds 50 1 1 3
PowerPlay Defense
Defense Defense Time % Phy DF OF
1 Paul Ranger Mike Van Ryn 50 1 2 2
2 Ian Cole Henrik Tallinder 50 1 2 2
Penalty Kill 4 Players Forward
Center Wing Time % Phy DF OF
1 Dean McAmmond Michal Grosek 50 1 2 2
2 Kyle Brodziak Wade Belak 50 1 2 2
Penalty Kill 4 Players Defense
Defense Defense Time % Phy DF OF
1 Mike Van Ryn Henrik Tallinder 50 1 2 2
2 Paul Ranger Brendan Witt 50 1 2 2
Penalty Kill - 3 Players Forward
Forward Time % Phy DF OF
1 Dean McAmmond 50 1 2 2
2 Wade Belak 50 1 2 2
Penalty Kill - 3 Players Defense
Defense Defense Time % Phy DF OF
1 Mike Van Ryn Henrik Tallinder 50 1 2 2
2 Paul Ranger Brendan Witt 50 1 2 2
4 vs 4 Forward
Center Wing Time % Phy DF OF
1 Darren Helm Nikolai Kulemin 50 1 2 2
2 Kyle Brodziak Wayne Simmonds 50 1 2 2
4 vs 4 Defense
Defense Defense Time % Phy DF OF
1 Derek Joslin Henrik Tallinder 50 1 2 2
2 Paul Ranger Brendan Witt 50 1 2 2
Last Minutes Offensive
Center Left Wing Right Wing Defense Defense
Darren Helm Nikolai Kulemin Brad Chartrand Henrik Tallinder Paul Ranger
Last Minutes Defensive
Center Left Wing Right Wing Defense Defense
Darren Helm Nikolai Kulemin Wayne Simmonds Henrik Tallinder Paul Ranger
Goaltenders
Starting : James Reimer
Backup : Thomas Greiss
Extra Forwards
Normal : Wayne Simmonds, Kyle Brodziak, Nikolai Kulemin - PP : Brad Chartrand, Michal Grosek - PK : Wayne Simmonds
Extra Defensemen
Normal : Henrik Tallinder, Paul Ranger, Brendan Witt - PP : Brendan Witt - PK : Derek Joslin, Ian Cole
Penalty Shots
Darren Helm, Nikolai Kulemin, Brad Chartrand, Kyle Brodziak, Wayne Simmonds
Gangsters
5 vs 5 Forward
Center Left Wing Right Wing Time % Phy DF OF
1 Valtteri Filppula Jaroslav Balastik Patric Hornqvist 40 1 2 2
2 Byron Ritchie Igor Radulov Tim Jackman 30 1 2 2
3 Alexandre Bolduc Chris Bourque Ryan Keller 20 1 2 2
4 Artem Anisimov Nick Foligno Matt Read 10 1 2 2
5 vs 5 Defense
Defense Defense Time % Phy DF OF
1 Cory Murphy Staffan Kronwall 40 1 2 2
2 Mike Commodore Alexei Emelin 30 1 2 2
3 Ville Koistinen Jim Vandermeer 20 1 2 2
4 Cory Murphy Staffan Kronwall 10 1 2 2
PowerPlay Forward
Center Left Wing Right Wing Time % Phy DF OF
1 Valtteri Filppula Jaroslav Balastik Patric Hornqvist 60 1 2 2
2 Byron Ritchie Igor Radulov Tim Jackman 40 1 2 2
PowerPlay Defense
Defense Defense Time % Phy DF OF
1 Cory Murphy Staffan Kronwall 60 1 2 2
2 Mike Commodore Alexei Emelin 40 1 2 2
Penalty Kill 4 Players Forward
Center Wing Time % Phy DF OF
1 Patric Hornqvist Valtteri Filppula 60 1 2 2
2 Jaroslav Balastik Byron Ritchie 40 1 2 2
Penalty Kill 4 Players Defense
Defense Defense Time % Phy DF OF
1 Cory Murphy Staffan Kronwall 60 1 2 2
2 Mike Commodore Alexei Emelin 40 1 2 2
Penalty Kill - 3 Players Forward
Forward Time % Phy DF OF
1 Patric Hornqvist 60 1 2 2
2 Valtteri Filppula 40 1 2 2
Penalty Kill - 3 Players Defense
Defense Defense Time % Phy DF OF
1 Cory Murphy Staffan Kronwall 60 1 2 2
2 Mike Commodore Alexei Emelin 40 1 2 2
4 vs 4 Forward
Center Wing Time % Phy DF OF
1 Patric Hornqvist Valtteri Filppula 60 1 2 2
2 Jaroslav Balastik Byron Ritchie 40 1 2 2
4 vs 4 Defense
Defense Defense Time % Phy DF OF
1 Cory Murphy Staffan Kronwall 60 1 2 2
2 Mike Commodore Alexei Emelin 40 1 2 2
Last Minutes Offensive
Center Left Wing Right Wing Defense Defense
Valtteri Filppula Jaroslav Balastik Patric Hornqvist Cory Murphy Staffan Kronwall
Last Minutes Defensive
Center Left Wing Right Wing Defense Defense
Valtteri Filppula Jaroslav Balastik Patric Hornqvist Cory Murphy Staffan Kronwall
Goaltenders
Starting : David LeNeveu
Backup : Steve Valiquette
Extra Forwards
Normal : Chris Bourque, Ryan Keller, Matt Read - PP : Chris Bourque, Ryan Keller - PK : Matt Read
Extra Defensemen
Normal : Ville Koistinen, Jim Vandermeer, Mike Commodore - PP : Ville Koistinen - PK : Jim Vandermeer, Mike Commodore
Penalty Shots
Patric Hornqvist, Valtteri Filppula, Jaroslav Balastik, Byron Ritchie, Tim Jackman
% Time on Ice - Saguenéens
Lines # - Real PCT - Wanted PCT - Time Play
Normal Forward
1 - 29% - 40% - 14:49
2 - 27% - 30% - 13:45
3 - 22% - 20% - 11:20
4 - 22% - 10% - 11:31
Normal Defense
1 - 37% - 37% - 18:54
2 - 34% - 33% - 17:22
3 - 25% - 25% - 12:49
4 - 5% - 5% - 2:20
PP Forward
1 - 51% - 50% - 3:15
2 - 49% - 50% - 3:07
PP Defense
1 - 48% - 50% - 3:04
2 - 52% - 50% - 3:18
PK Forward
1 - 47% - 50% - 1:03
2 - 53% - 50% - 1:10
PK Defense
1 - 46% - 50% - 1:01
2 - 54% - 50% - 1:12
PK3 Forward
1 - 0% - 50%
2 - 0% - 50%
PK3 Defense
1 - 0% - 50%
2 - 0% - 50%
44 Forward
1 - 0% - 50%
2 - 0% - 50%
44 Defense
1 - 0% - 50%
2 - 0% - 50%
Last Minute Offensive - 0:00
Last Minute Defensive - 0:00
Total
Forward - 60:00
Defense - 60:00
|
% Time on Ice - Gangsters
Lines # - Real PCT - Wanted PCT - Time Play
Normal Forward
1 - 29% - 40% - 14:49
2 - 25% - 30% - 12:39
3 - 24% - 20% - 12:08
4 - 23% - 10% - 11:49
Normal Defense
1 - 35% - 40% - 18:06
2 - 31% - 30% - 15:53
3 - 31% - 20% - 15:48
4 - 3% - 10% - 1:38
PP Forward
1 - 53% - 60% - 1:11
2 - 47% - 40% - 1:02
PP Defense
1 - 77% - 60% - 1:42
2 - 23% - 40% - 0:31
PK Forward
1 - 75% - 60% - 4:46
2 - 25% - 40% - 1:36
PK Defense
1 - 59% - 60% - 3:44
2 - 41% - 40% - 2:38
PK3 Forward
1 - 0% - 60%
2 - 0% - 40%
PK3 Defense
1 - 0% - 60%
2 - 0% - 40%
44 Forward
1 - 0% - 60%
2 - 0% - 40%
44 Defense
1 - 0% - 60%
2 - 0% - 40%
Last Minute Offensive - 0:00
Last Minute Defensive - 0:00
Total
Forward - 60:00
Defense - 60:00
|
Play by Play
1st period
0:01 of 1st period - Valtteri Filppula wins face-off versus Darren Helm in neutral zone.
0:10 of 1st period - Wrist shot by Patric Hornqvist.
0:10 of 1st period - Deflect By Jaroslav Balastik.
0:10 of 1st period - Stopped by James Reimer with a rebound.
0:12 of 1st period - Slapshot by Cory Murphy.
0:12 of 1st period - Stopped by James Reimer with a rebound.
0:14 of 1st period - Slapshot by Cory Murphy.
0:14 of 1st period - Stopped by James Reimer without a rebound.
0:15 of 1st period - Dean McAmmond wins face-off versus Byron Ritchie in Saguenéens zone.
0:19 of 1st period - Mike Van Ryn is hit by Igor Radulov.
0:25 of 1st period - Snap shot by Wayne Simmonds.
0:25 of 1st period - Deflect By Dean McAmmond.
0:25 of 1st period - Shot Blocked by Mike Commodore.
0:25 of 1st period - Puck is out of play.
0:26 of 1st period - Alexandre Bolduc wins face-off versus Brad Chartrand in Gangsters zone.
0:26 of 1st period - Alexandre Bolduc is hit by Kyle Brodziak.
0:36 of 1st period - Slapshot by Henrik Tallinder.
0:36 of 1st period - Shot Blocked by Ville Koistinen.
0:38 of 1st period - Wrist shot by Brad Chartrand.
0:38 of 1st period - Shot Misses the Net.
0:40 of 1st period - Snap shot by Brad Chartrand.
0:40 of 1st period - Shot Misses the Net.
0:42 of 1st period - Slapshot by Ian Cole.
0:42 of 1st period - Shot Blocked by Jim Vandermeer.
0:52 of 1st period - Henrik Tallinder is hit by Artem Anisimov and loses puck.
0:59 of 1st period - Snap shot by Matt Read.
0:59 of 1st period - Stopped by James Reimer with a rebound.
1:01 of 1st period - Slapshot by Cory Murphy.
1:01 of 1st period - Shot Blocked by Michal Grosek.
1:03 of 1st period - Snap shot by Matt Read.
1:03 of 1st period - Shot Misses the Net.
1:56 of 1st period - Alexei Emelin is hit by Henrik Tallinder.
3:58 of 1st period - Slapshot by Patric Hornqvist.
3:58 of 1st period - Shot Blocked by Paul Ranger.
4:00 of 1st period - Wrist shot by Mike Commodore.
4:00 of 1st period - Stopped by James Reimer with a rebound.
4:02 of 1st period - Snap shot by Jaroslav Balastik.
4:02 of 1st period - Shot Misses the Net.
4:32 of 1st period - Mike Van Ryn is hit by Matt Read and loses puck.
5:25 of 1st period - Snap shot by Darren Helm.
5:25 of 1st period - Stopped by David LeNeveu with a rebound.
5:41 of 1st period - Byron Ritchie is hit by Brendan Witt and loses puck.
6:02 of 1st period - Icing by Staffan Kronwall.
6:03 of 1st period - Patric Hornqvist wins face-off versus Darren Helm in Gangsters zone.
6:08 of 1st period - Slapshot by Patric Hornqvist.
6:08 of 1st period - Shot Blocked by Mike Van Ryn.
6:12 of 1st period - Wrist shot by Valtteri Filppula.
6:12 of 1st period - Stopped by James Reimer with a rebound.
6:14 of 1st period - Snap shot by Jaroslav Balastik.
6:14 of 1st period - Stopped by James Reimer without a rebound.
6:15 of 1st period - Darren Helm wins face-off versus Valtteri Filppula in Saguenéens zone.
6:26 of 1st period - Slapshot by Patric Hornqvist.
6:26 of 1st period - Stopped by James Reimer with a rebound.
6:28 of 1st period - Slapshot by Staffan Kronwall.
6:28 of 1st period - Shot Misses the Net.
6:40 of 1st period - Igor Radulov is hit by Brendan Witt.
7:06 of 1st period - Alexei Emelin is hit by Johannes Salmonsson and loses puck.
7:25 of 1st period - Wrist shot by Alexandre Bolduc.
7:25 of 1st period - Shot Blocked by Brendan Witt.
8:03 of 1st period - Slapshot by Paul Ranger.
8:03 of 1st period - Stopped by David LeNeveu without a rebound.
8:04 of 1st period - Byron Ritchie wins face-off versus Dean McAmmond in Gangsters zone.
8:11 of 1st period - Snap shot by Byron Ritchie.
8:11 of 1st period - Shot Blocked by Derek Joslin.
8:13 of 1st period - Wrist shot by Cory Murphy.
8:13 of 1st period - Shot Misses the Net.
8:15 of 1st period - Backhand shot by Byron Ritchie.
8:15 of 1st period - Goal by Byron Ritchie - Saguenéens : 0 - Gangsters : 1.
8:16 of 1st period - Valtteri Filppula wins face-off versus Wade Belak in neutral zone.
8:27 of 1st period - Wrist shot by Nikolai Kulemin.
8:27 of 1st period - Stopped by David LeNeveu with a rebound.
8:55 of 1st period - Staffan Kronwall is hit by Henrik Tallinder.
9:14 of 1st period - Wrist shot by Chris Bourque.
9:14 of 1st period - Shot Misses the Net.
9:16 of 1st period - Backhand shot by Jim Vandermeer.
9:16 of 1st period - Shot Blocked by Johannes Salmonsson.
9:53 of 1st period - Wade Belak is hit by Jim Vandermeer.
9:57 of 1st period - Ville Koistinen is hit by Derek Joslin.
10:13 of 1st period - Wrist shot by Tim Jackman.
10:13 of 1st period - Stopped by James Reimer with a rebound.
11:01 of 1st period - Mike Commodore is hit by Pat Dwyer and loses puck.
11:12 of 1st period - Mike Commodore is hit by Nikolai Kulemin and loses puck.
11:55 of 1st period - Kyle Brodziak is hit by Chris Bourque and loses puck.
12:43 of 1st period - Paul Ranger is hit by Byron Ritchie.
13:02 of 1st period - Wrist shot by Dean McAmmond.
13:02 of 1st period - Shot Blocked by Alexei Emelin.
13:16 of 1st period - Snap shot by Michal Grosek.
13:16 of 1st period - Stopped by David LeNeveu with a rebound.
13:18 of 1st period - Snap shot by Mike Van Ryn.
13:18 of 1st period - Deflect By Mike Commodore.
13:18 of 1st period - Stopped by David LeNeveu without a rebound.
13:19 of 1st period - Michal Grosek wins face-off versus Valtteri Filppula in Gangsters zone.
13:51 of 1st period - Slapshot by Wade Belak.
13:51 of 1st period - Shot Misses the Net.
15:13 of 1st period - Snap shot by Tim Jackman.
15:13 of 1st period - Stopped by James Reimer with a rebound.
15:15 of 1st period - Slapshot by Jim Vandermeer.
15:15 of 1st period - Shot Blocked by Michal Grosek.
15:48 of 1st period - Slapshot by Alexandre Bolduc.
15:48 of 1st period - Stopped by James Reimer with a rebound.
16:12 of 1st period - Snap shot by Wade Belak.
16:12 of 1st period - Stopped by David LeNeveu with a rebound.
16:27 of 1st period - Off-side.
16:28 of 1st period - Dean McAmmond wins face-off versus Byron Ritchie in neutral zone.
16:41 of 1st period - Mike Commodore is hit by Dwight King.
16:53 of 1st period - Patric Hornqvist is hit by Darren Helm.
17:36 of 1st period - Wrist shot by Brad Chartrand.
17:36 of 1st period - Shot Misses the Net.
17:42 of 1st period - Wrist shot by Kyle Brodziak.
17:42 of 1st period - Stopped by David LeNeveu without a rebound.
17:43 of 1st period - Valtteri Filppula wins face-off versus Darren Helm in Gangsters zone.
17:48 of 1st period - Paul Ranger is hit by Patric Hornqvist and loses puck.
18:34 of 1st period - Staffan Kronwall is hit by Kyle Brodziak.
19:01 of 1st period - Snap shot by Henrik Tallinder.
19:01 of 1st period - Stopped by David LeNeveu with a rebound.
19:03 of 1st period - Slapshot by Henrik Tallinder.
19:03 of 1st period - Shot Blocked by Jim Vandermeer.
19:05 of 1st period - Snap shot by Michal Grosek.
19:05 of 1st period - Stopped by David LeNeveu with a rebound.
19:17 of 1st period - Wade Belak is hit by Jaroslav Balastik and loses puck.
19:54 of 1st period - Snap shot by Brad Chartrand.
19:54 of 1st period - Stopped by David LeNeveu without a rebound.
19:55 of 1st period - Darren Helm wins face-off versus Alexandre Bolduc in Gangsters zone.
2nd period
0:01 of 2nd period - Valtteri Filppula wins face-off versus Darren Helm in neutral zone.
0:23 of 2nd period - Minor Penalty to Igor Radulov for Interference.
0:24 of 2nd period - Darren Helm wins face-off versus Patric Hornqvist in Gangsters zone.
0:25 of 2nd period - Wrist shot by Wade Belak.
0:25 of 2nd period - Stopped by David LeNeveu with a rebound.
0:27 of 2nd period - Wrist shot by Nikolai Kulemin.
0:27 of 2nd period - Shot Misses the Net.
1:36 of 2nd period - Snap shot by Byron Ritchie.
1:36 of 2nd period - Stopped by James Reimer with a rebound.
2:22 of 2nd period - Wayne Simmonds is hit by Staffan Kronwall and loses puck.
2:23 of 2nd period - Penalty to Igor Radulov is over, Igor Radulov is back on ice.
2:43 of 2nd period - Slapshot by Artem Anisimov.
2:43 of 2nd period - Stopped by James Reimer with a rebound.
2:45 of 2nd period - Slapshot by Ville Koistinen.
2:45 of 2nd period - Deflect By Matt Read.
2:45 of 2nd period - Shot Misses the Net.
2:45 of 2nd period - Puck is out of play.
2:46 of 2nd period - Artem Anisimov wins face-off versus David McIntyre in Saguenéens zone.
2:47 of 2nd period - Snap shot by Matt Read.
2:47 of 2nd period - Shot Blocked by Derek Joslin.
2:53 of 2nd period - Jim Vandermeer is hit by Michal Grosek and loses puck.
3:00 of 2nd period - Snap shot by Pat Dwyer.
3:00 of 2nd period - Shot Misses the Net.
3:02 of 2nd period - Slapshot by Mike Van Ryn.
3:02 of 2nd period - Shot Misses the Net.
3:12 of 2nd period - Henrik Tallinder is hit by Jim Vandermeer and loses puck.
3:17 of 2nd period - Snap shot by Valtteri Filppula.
3:17 of 2nd period - Stopped by James Reimer with a rebound.
3:37 of 2nd period - Slapshot by Brad Chartrand.
3:37 of 2nd period - Shot Misses the Net.
4:29 of 2nd period - Snap shot by Staffan Kronwall.
4:29 of 2nd period - Deflect By Derek Joslin.
4:29 of 2nd period - Stopped by James Reimer with a rebound.
4:31 of 2nd period - Slapshot by Matt Read.
4:31 of 2nd period - Shot Misses the Net.
4:33 of 2nd period - Slapshot by Staffan Kronwall.
4:33 of 2nd period - Stopped by James Reimer with a rebound.
4:35 of 2nd period - Slapshot by Cory Murphy.
4:35 of 2nd period - Stopped by James Reimer without a rebound.
4:36 of 2nd period - Valtteri Filppula wins face-off versus David McIntyre in Saguenéens zone.
4:39 of 2nd period - Snap shot by Jaroslav Balastik.
4:39 of 2nd period - Shot Misses the Net.
4:41 of 2nd period - Wrist shot by Valtteri Filppula.
4:41 of 2nd period - Shot Blocked by Michal Grosek.
4:43 of 2nd period - Backhand shot by Alexei Emelin.
4:43 of 2nd period - Deflect By Jaroslav Balastik.
4:43 of 2nd period - Shot Misses the Net.
4:43 of 2nd period - Puck is out of play.
4:44 of 2nd period - Valtteri Filppula wins face-off versus Nikolai Kulemin in Saguenéens zone.
4:45 of 2nd period - Snap shot by Jaroslav Balastik.
4:45 of 2nd period - Shot Misses the Net.
5:54 of 2nd period - Wrist shot by Alexandre Bolduc.
5:54 of 2nd period - Stopped by James Reimer with a rebound.
5:58 of 2nd period - Snap shot by Chris Bourque.
5:58 of 2nd period - Goal by Chris Bourque - Saguenéens : 0 - Gangsters : 2.
5:59 of 2nd period - Valtteri Filppula wins face-off versus Darren Helm in neutral zone.
6:03 of 2nd period - Off-side.
6:04 of 2nd period - Valtteri Filppula wins face-off versus Darren Helm in neutral zone.
6:07 of 2nd period - Snap shot by Cory Murphy.
6:07 of 2nd period - Stopped by James Reimer with a rebound.
6:09 of 2nd period - Slapshot by Staffan Kronwall.
6:09 of 2nd period - Stopped by James Reimer without a rebound.
6:10 of 2nd period - Valtteri Filppula wins face-off versus Darren Helm in Saguenéens zone.
6:19 of 2nd period - Valtteri Filppula is hit by Darren Helm and loses puck.
6:45 of 2nd period - Dean McAmmond is hit by Tim Jackman and loses puck.
6:58 of 2nd period - Wrist shot by Kyle Brodziak.
6:58 of 2nd period - Shot Misses the Net.
7:00 of 2nd period - Snap shot by Kyle Brodziak.
7:00 of 2nd period - Stopped by David LeNeveu with a rebound.
7:02 of 2nd period - Slapshot by Kyle Brodziak.
7:02 of 2nd period - Stopped by David LeNeveu with a rebound.
7:04 of 2nd period - Snap shot by Kyle Brodziak.
7:04 of 2nd period - Stopped by David LeNeveu with a rebound.
7:06 of 2nd period - Snap shot by Kyle Brodziak.
7:06 of 2nd period - Stopped by David LeNeveu with a rebound.
7:08 of 2nd period - Wrist shot by Brad Chartrand.
7:08 of 2nd period - Stopped by David LeNeveu with a rebound.
8:08 of 2nd period - Wrist shot by Wade Belak.
8:08 of 2nd period - Stopped by David LeNeveu with a rebound.
8:10 of 2nd period - Wrist shot by Henrik Tallinder.
8:10 of 2nd period - Stopped by David LeNeveu with a rebound.
8:22 of 2nd period - Wayne Simmonds is hit by Ville Koistinen and loses puck.
8:39 of 2nd period - Brad Chartrand is hit by Chris Bourque and loses puck.
9:00 of 2nd period - Paul Ranger is hit by Tim Jackman and loses puck.
9:39 of 2nd period - Snap shot by Michal Grosek.
9:39 of 2nd period - Deflect By Matt Read.
9:39 of 2nd period - Stopped by David LeNeveu with a rebound.
9:57 of 2nd period - Ryan Keller is hit by Brendan Witt and loses puck.
10:06 of 2nd period - Brendan Witt is hit by Staffan Kronwall.
10:15 of 2nd period - Icing by Paul Ranger.
10:16 of 2nd period - Byron Ritchie wins face-off versus Kyle Brodziak in Saguenéens zone.
10:19 of 2nd period - Wrist shot by Tim Jackman.
10:19 of 2nd period - Stopped by James Reimer with a rebound.
10:53 of 2nd period - Snap shot by Igor Radulov.
10:53 of 2nd period - Stopped by James Reimer with a rebound.
11:01 of 2nd period - Byron Ritchie is hit by Darren Helm and loses puck.
11:22 of 2nd period - Wrist shot by Dwight King.
11:22 of 2nd period - Shot Blocked by Staffan Kronwall.
12:08 of 2nd period - Wrist shot by Alexandre Bolduc.
12:08 of 2nd period - Shot Blocked by Wayne Simmonds.
12:10 of 2nd period - Snap shot by Cory Murphy.
12:10 of 2nd period - Deflect By Chris Bourque.
12:10 of 2nd period - Stopped by James Reimer with a rebound.
12:12 of 2nd period - Snap shot by Alexandre Bolduc.
12:12 of 2nd period - Stopped by James Reimer with a rebound.
12:22 of 2nd period - Snap shot by Brad Chartrand.
12:22 of 2nd period - Stopped by David LeNeveu with a rebound.
12:26 of 2nd period - Snap shot by Kyle Brodziak.
12:26 of 2nd period - Stopped by David LeNeveu with a rebound.
12:28 of 2nd period - Snap shot by Johannes Salmonsson.
12:28 of 2nd period - Stopped by David LeNeveu without a rebound.
12:29 of 2nd period - Kyle Brodziak wins face-off versus Valtteri Filppula in Gangsters zone.
12:36 of 2nd period - Slapshot by Mike Van Ryn.
12:36 of 2nd period - Deflect By Kyle Brodziak.
12:36 of 2nd period - Stopped by David LeNeveu with a rebound.
12:38 of 2nd period - Slapshot by Mike Van Ryn.
12:38 of 2nd period - Shot Blocked by Alexei Emelin.
12:40 of 2nd period - Backhand shot by Kyle Brodziak.
12:40 of 2nd period - Stopped by David LeNeveu without a rebound.
12:41 of 2nd period - Valtteri Filppula wins face-off versus Darren Helm in Gangsters zone.
12:49 of 2nd period - Off-side.
12:50 of 2nd period - Valtteri Filppula wins face-off versus Darren Helm in neutral zone.
13:03 of 2nd period - Snap shot by Patric Hornqvist.
13:03 of 2nd period - Shot Misses the Net.
13:05 of 2nd period - Slapshot by Alexei Emelin.
13:05 of 2nd period - Deflect By Wade Belak.
13:05 of 2nd period - Stopped by James Reimer with a rebound.
13:07 of 2nd period - Slapshot by Patric Hornqvist.
13:07 of 2nd period - Stopped by James Reimer with a rebound.
13:09 of 2nd period - Snap shot by Patric Hornqvist.
13:09 of 2nd period - Shot Misses the Net.
13:11 of 2nd period - Wrist shot by Patric Hornqvist.
13:11 of 2nd period - Stopped by James Reimer without a rebound.
13:12 of 2nd period - Dean McAmmond wins face-off versus Byron Ritchie in Saguenéens zone.
13:16 of 2nd period - Off-side.
13:17 of 2nd period - Byron Ritchie wins face-off versus Dean McAmmond in neutral zone.
14:25 of 2nd period - Wrist shot by Chris Bourque.
14:25 of 2nd period - Shot Misses the Net.
14:27 of 2nd period - Snap shot by Staffan Kronwall.
14:27 of 2nd period - Stopped by James Reimer with a rebound.
15:09 of 2nd period - Snap shot by Valtteri Filppula.
15:09 of 2nd period - Stopped by James Reimer with a rebound.
15:11 of 2nd period - Snap shot by Valtteri Filppula.
15:11 of 2nd period - Shot Misses the Net.
15:29 of 2nd period - Slapshot by Henrik Tallinder.
15:29 of 2nd period - Stopped by David LeNeveu without a rebound.
15:30 of 2nd period - Ryan Keller wins face-off versus Kyle Brodziak in Gangsters zone.
15:35 of 2nd period - Snap shot by Kyle Brodziak.
15:35 of 2nd period - Stopped by David LeNeveu with a rebound.
15:37 of 2nd period - Slapshot by Brendan Witt.
15:37 of 2nd period - Stopped by David LeNeveu with a rebound.
15:39 of 2nd period - Wrist shot by Brendan Witt.
15:39 of 2nd period - Deflect By Johannes Salmonsson.
15:39 of 2nd period - Shot Blocked by Jim Vandermeer.
15:39 of 2nd period - Puck is out of play.
15:40 of 2nd period - Darren Helm wins face-off versus Valtteri Filppula in Gangsters zone.
17:47 of 2nd period - Tim Jackman is hit by Dean McAmmond and loses puck.
18:00 of 2nd period - Darren Helm is hit by Matt Read and loses puck.
18:25 of 2nd period - Slapshot by Brad Chartrand.
18:25 of 2nd period - Goal by Brad Chartrand - Saguenéens : 1 - Gangsters : 2.
18:26 of 2nd period - Darren Helm wins face-off versus Valtteri Filppula in neutral zone.
18:46 of 2nd period - Icing by Staffan Kronwall.
18:47 of 2nd period - Valtteri Filppula wins face-off versus Dean McAmmond in Gangsters zone.
19:04 of 2nd period - Patric Hornqvist is hit by Wayne Simmonds and loses puck.
19:24 of 2nd period - Minor Penalty to Paul Ranger for High sticking.
19:25 of 2nd period - Patric Hornqvist wins face-off versus Dean McAmmond in Saguenéens zone.
19:32 of 2nd period - Wrist shot by Valtteri Filppula.
19:32 of 2nd period - Stopped by James Reimer with a rebound.
3rd period
0:01 of 3rd period - Valtteri Filppula wins face-off versus Kyle Brodziak in neutral zone.
0:14 of 3rd period - Michal Grosek is hit by Jaroslav Balastik and loses puck.
0:43 of 3rd period - Dean McAmmond is hit by Igor Radulov.
1:04 of 3rd period - Wrist shot by Cory Murphy.
1:04 of 3rd period - Stopped by James Reimer without a rebound.
1:05 of 3rd period - Valtteri Filppula wins face-off versus Kyle Brodziak in Saguenéens zone.
1:24 of 3rd period - Penalty to Paul Ranger is over, Paul Ranger is back on ice.
1:58 of 3rd period - Slapshot by Alexei Emelin.
1:58 of 3rd period - Shot Blocked by Dwight King.
2:10 of 3rd period - Paul Ranger is hit by Jaroslav Balastik and loses puck.
2:17 of 3rd period - Wrist shot by Henrik Tallinder.
2:17 of 3rd period - Shot Misses the Net.
2:19 of 3rd period - Slapshot by Paul Ranger.
2:19 of 3rd period - Shot Misses the Net.
2:41 of 3rd period - Slapshot by Cory Murphy.
2:41 of 3rd period - Shot Misses the Net.
3:00 of 3rd period - Nikolai Kulemin is hit by Nick Foligno and loses puck.
3:16 of 3rd period - Brendan Witt is hit by Patric Hornqvist and loses puck.
3:29 of 3rd period - Byron Ritchie is hit by Brad Chartrand and loses puck.
3:38 of 3rd period - Kyle Brodziak is hit by Byron Ritchie and loses puck.
3:51 of 3rd period - Slapshot by Chris Bourque.
3:51 of 3rd period - Stopped by James Reimer without a rebound.
3:52 of 3rd period - Darren Helm wins face-off versus Alexandre Bolduc in Saguenéens zone.
3:52 of 3rd period - Darren Helm is hit by Alexei Emelin.
4:04 of 3rd period - Snap shot by Nikolai Kulemin.
4:04 of 3rd period - Shot Misses the Net.
4:06 of 3rd period - Wrist shot by Darren Helm.
4:06 of 3rd period - Shot Misses the Net.
4:18 of 3rd period - Wayne Simmonds is hit by Alexei Emelin and loses puck.
4:43 of 3rd period - Nick Foligno is hit by Wayne Simmonds.
5:08 of 3rd period - Brendan Witt is hit by Byron Ritchie and loses puck.
5:14 of 3rd period - Minor Penalty to Byron Ritchie for Interference.
5:15 of 3rd period - Darren Helm wins face-off versus Patric Hornqvist in Gangsters zone.
5:24 of 3rd period - Wrist shot by Nikolai Kulemin.
5:24 of 3rd period - Shot Misses the Net.
7:14 of 3rd period - Penalty to Byron Ritchie is over, Byron Ritchie is back on ice.
8:16 of 3rd period - Dean McAmmond is hit by Nick Foligno and loses puck.
8:29 of 3rd period - Mike Commodore is hit by Kyle Brodziak and loses puck.
9:27 of 3rd period - Brendan Witt is hit by Byron Ritchie and loses puck.
10:12 of 3rd period - Alexei Emelin is hit by Ian Cole and loses puck.
10:43 of 3rd period - Alexei Emelin is hit by Wade Belak and loses puck.
11:08 of 3rd period - Paul Ranger is hit by Cory Murphy and loses puck.
12:40 of 3rd period - Icing by Matt Read.
12:41 of 3rd period - Artem Anisimov wins face-off versus David McIntyre in Gangsters zone.
12:50 of 3rd period - Snap shot by Matt Read.
12:50 of 3rd period - Shot Hit the Post.
12:56 of 3rd period - Artem Anisimov is hit by Michal Grosek.
13:19 of 3rd period - Matt Read is hit by Pat Dwyer and loses puck.
13:24 of 3rd period - Snap shot by David McIntyre.
13:24 of 3rd period - Shot Misses the Net.
14:28 of 3rd period - Slapshot by Matt Read.
14:28 of 3rd period - Deflect By Artem Anisimov.
14:28 of 3rd period - Stopped by James Reimer with a rebound.
14:46 of 3rd period - Mike Van Ryn is hit by Ville Koistinen and loses puck.
14:51 of 3rd period - Wrist shot by Matt Read.
14:51 of 3rd period - Shot Misses the Net.
14:53 of 3rd period - Wrist shot by Nick Foligno.
14:53 of 3rd period - Shot Misses the Net.
14:58 of 3rd period - Minor Penalty to Jim Vandermeer for Roughing.
14:59 of 3rd period - Patric Hornqvist wins face-off versus Kyle Brodziak in Gangsters zone.
15:24 of 3rd period - Cory Murphy is hit by Wade Belak.
15:32 of 3rd period - Snap shot by Nikolai Kulemin.
15:32 of 3rd period - Stopped by David LeNeveu with a rebound.
16:22 of 3rd period - Darren Helm is hit by Valtteri Filppula and loses puck.
16:35 of 3rd period - Mike Van Ryn is hit by Staffan Kronwall and loses puck.
16:57 of 3rd period - Mike Commodore is hit by Wade Belak and loses puck.
16:58 of 3rd period - Penalty to Jim Vandermeer is over, Jim Vandermeer is back on ice.
17:12 of 3rd period - Slapshot by Byron Ritchie.
17:12 of 3rd period - Stopped by James Reimer with a rebound.
17:14 of 3rd period - Snap shot by Tim Jackman.
17:14 of 3rd period - Deflect By Dean McAmmond.
17:14 of 3rd period - Goal by Tim Jackman - Saguenéens : 1 - Gangsters : 3.
17:15 of 3rd period - Jaroslav Balastik wins face-off versus Dean McAmmond in neutral zone.
17:32 of 3rd period - Minor Penalty to Johannes Salmonsson for Hooking.
17:33 of 3rd period - Kyle Brodziak wins face-off versus Valtteri Filppula in Saguenéens zone.
17:42 of 3rd period - Slapshot by Staffan Kronwall.
17:42 of 3rd period - Shot Blocked by Wade Belak.
17:44 of 3rd period - Snap shot by Cory Murphy.
17:44 of 3rd period - Shot Misses the Net.
17:46 of 3rd period - Wrist shot by Cory Murphy.
17:46 of 3rd period - Goal by Cory Murphy - Saguenéens : 1 - Gangsters : 4.
17:47 of 3rd period - Valtteri Filppula wins face-off versus Darren Helm in neutral zone.
18:02 of 3rd period - Wrist shot by Jaroslav Balastik.
18:02 of 3rd period - Shot Hit the Post.
18:14 of 3rd period - Cory Murphy is hit by Wayne Simmonds and loses puck.
18:33 of 3rd period - Off-side.
18:34 of 3rd period - Alexandre Bolduc wins face-off versus Kyle Brodziak in neutral zone.
18:36 of 3rd period - Off-side.
18:37 of 3rd period - Brad Chartrand wins face-off versus Alexandre Bolduc in neutral zone.
18:37 of 3rd period - Brad Chartrand is hit by Cory Murphy.
18:47 of 3rd period - Wrist shot by Brad Chartrand.
18:47 of 3rd period - Stopped by David LeNeveu without a rebound.
18:48 of 3rd period - Darren Helm wins face-off versus Valtteri Filppula in Gangsters zone.
18:51 of 3rd period - Wrist shot by Nikolai Kulemin.
18:51 of 3rd period - Stopped by David LeNeveu with a rebound.
18:52 of 3rd period - Minor Penalty to Staffan Kronwall for Hooking.
18:53 of 3rd period - Patric Hornqvist wins face-off versus Darren Helm in Gangsters zone.
19:09 of 3rd period - Off-side.
19:10 of 3rd period - Kyle Brodziak wins face-off versus Patric Hornqvist in neutral zone.
19:17 of 3rd period - Snap shot by Kyle Brodziak.
19:17 of 3rd period - Goal by Kyle Brodziak - Saguenéens : 2 - Gangsters : 4.
19:18 of 3rd period - Kyle Brodziak wins face-off versus Alexandre Bolduc in neutral zone.
Output by the SimonT Hockey Simulator (STHS) for François Prévost -- Original Page W3C XHTML 1.0 Valid